 Dungeon Sprint DCSS version 0.26-a0-663-g36e8fdb655 (webtiles) character file.

Game seed: 3238407314506887694

485 mhtbhm the Thaumaturge (level 6, -1/33 HPs)
             Began as a Deep Elf Earth Elementalist on Oct 12, 2020.
             Was a Believer of Vehumet.
             Slain by a white ugly thing (30 damage)
             ... in the Dungeon (Sprint IX: "|||||||||||||||||||||||||||||").
             The game lasted 00:02:25 (744 turns).

mhtbhm the Thaumaturge (Deep Elf Earth Elementalist) Turns: 744, Time: 00:02:25

Health: -1/33      AC:  4    Str:  5    XL:     6   Next: 88%
Magic:  17/22      EV: 15    Int: 29    God:    Vehumet [**....]
Gold:   0          SH:  0    Dex: 18    Spells: 13/28 levels left

rFire    . . .     SeeInvis .   m - +3 war axe "Giaddori" {flame, Int+4}
rCold    . . .     Faith    .   (no shield)
rNeg     . . .     Spirit   .   c - +0 robe
rPois    .         Reflect  .   n - +0 helmet
rElec    .         Harm     .   (no cloak)
rCorr    .         Rampage  .   (no gloves)
MR       .....     NoTele   +   o - +0 pair of boots
Stlth    +++.......             (no amulet)
HPRegen  0.11/turn              p - +3 ring of dexterity
MPRegen  0.18/turn              q - +3 ring of intelligence

@: no status effects
A: no striking features
a: Renounce Religion


You were in the Dungeon.
You worshipped Vehumet.
Vehumet was pleased with you.
You visited 1 branch

Inventory:

Hand Weapons
 m - the +3 war axe "Giaddori" (weapon) {flame, Int+4}
   (You found it in the Dungeon)

   It has been specially enchanted to burn those struck by it, causing extra
   injury to most foes and up to half again as much damage against particularly
   susceptible opponents.
   Big, fiery blades are also staple armaments of hydra-hunters.
   It affects your intelligence (+4).
Missiles
 b - 9 stones (quivered)
Armour
 c - a +0 robe (worn)
 n - a +0 helmet (worn)
 o - a +0 pair of boots (worn)
Jewellery
 p - a +3 ring of dexterity (left hand)
 q - a +3 ring of intelligence (right hand)
Wands
 l - a wand of acid (7)
Scrolls
 i - 2 scrolls of blinking
 j - 3 scrolls of remove curse
 k - 2 scrolls of amnesia
Potions
 a - a potion of invisibility
 d - 5 potions of curing
 e - 3 potions of heal wounds
 f - a potion of haste
 g - 4 potions of magic
 h - a potion of berserk rage


   Skills:
 + Level 0.8 Fighting
 + Level 4.7 Dodging
 + Level 5.7 Stealth
 + Level 11.8 Spellcasting
 + Level 1.1 Transmutations
 + Level 11.4 Earth Magic
 + Level 1.3 Evocations


You had 13 spell levels left.
You knew the following spells:

 Your Spells              Type           Power        Failure   Level
a - Sandblast             Erth           ######       1%          1
b - Passwall              Tmut/Erth      ######..     1%          2
c - Stone Arrow           Conj/Erth      ######       1%          3
d - Lee's Rapid Deconstr  Erth           ######....   1%          5
e - Petrify               Tmut/Erth      ######..     2%          4

Your spell library contained the following spells:

 Spells                   Type           Power        Failure   Level
 Searing Ray              Conj           ###...       4%          2


Dungeon Overview and Level Annotations

Branches:
Dungeon (1/1)

Altars:
Cheibriados
Dithmenos
Elyvilon
Fedhas
Gozag
Hepliaklqana
Kikubaaqudgha
Makhleb
Nemelex Xobeh
Okawaru
Qazlal
Ru
Sif Muna
Trog
Uskayaw
Vehumet
Wu Jian
Xom
Yredelemnul
Zin
The Shining One
Beogh
Jiyva
Lugonu


Message History

A wight is wielding a +2 scimitar of freezing.
The white ugly thing gurgles horribly!
The komodo dragon hisses angrily.
Unknown command.
Casting: Sandblast (safe; 1% risk of failure)
Confirm with . or Enter, or press ? or * to list all spells.
The spell is quite dangerous to cast (1% risk of failure)!
Continue anyway?
Aiming: Lee's Rapid Deconstruction (quite dangerous; 1% risk of failure)
Press: ? - help, Dir - move target cursor, f - wight Fragment what (e.g. wall or brittle monster)?: a wight, wielding a +1 dagger and wearing a +0 robe An open door.
The stone door frame shatters!
The blast of rock fragments hits the wight!
The wight is almost destroyed.
The blast of rock fragments hits the white ugly thing!!
The white ugly thing is heavily wounded.
The blast of rock fragments hits the komodo dragon!
The komodo dragon is heavily wounded.
The white ugly thing trunk-slaps you. The white ugly thing freezes you!!
Ouch! That really hurt!
You die...

▓[▓
▓.▓
▓(▓
▓'▓
▓)▓
▓.▓
▓.▓
▓÷▓
▓@▓
▓u▓
▓z▓
▓l▓
▓Z▓
▓.▓
▓z▓
▓.▓
▓B▓


You could see a white ugly thing, a komodo dragon, 2 wights and an adder
skeleton.

Vanquished Creatures
  A troll (D)
  A phantom (D)
  A centaur (D)
  A hound (D)
  An iguana (D)
  An orc wizard (D)
  An adder zombie (D)
  2 adder skeletons (D)
  A worm (D)
  A giant cockroach (D)
  A goblin (D)
  A hobgoblin (D)
  2 jackals (D)
  A frilled lizard (D)
16 creatures vanquished.

Notes
Turn   | Place    | Note
-------+----------+-------------------------------------------
     0 | D        | mhtbhm the Deep Elf Earth Elementalist began the quest for
                  | the Orb.
     0 | D        | Reached XP level 1. HP: 10/10 MP: 6/6
    79 | D        | Noticed an orc wizard
    81 | D        | Reached XP level 2. HP: 15/15 MP: 5/8
   111 | D        | Reached skill level 5 in Earth Magic
   122 | D        | Reached skill level 5 in Spellcasting
   122 | D        | Reached XP level 3. HP: 5/19 MP: 1/12
   126 | D        | Learned a level 2 spell: Passwall
   130 | D        | Learned a level 3 spell: Stone Arrow
   352 | D        | Found a roughly hewn altar of Beogh.
   352 | D        | Found a snail-covered altar of Cheibriados.
   352 | D        | Found a shadowy altar of Dithmenos.
   352 | D        | Found a white marble altar of Elyvilon.
   352 | D        | Found a blossoming altar of Fedhas.
   352 | D        | Found an opulent altar of Gozag.
   353 | D        | Found a hazy altar of Hepliaklqana.
   354 | D        | Found a viscous altar of Jiyva.
   355 | D        | Found an ancient bone altar of Kikubaaqudgha.
   356 | D        | Found a corrupted altar of Lugonu.
   357 | D        | Found a burning altar of Makhleb.
   358 | D        | Found a sparkling altar of Nemelex Xobeh.
   359 | D        | Found an iron altar of Okawaru.
   360 | D        | Found a stormy altar of Qazlal.
   361 | D        | Found a sacrificial altar of Ru.
   362 | D        | Found a shimmering blue altar of Sif Muna.
   363 | D        | Found a bloodstained altar of Trog.
   364 | D        | Found a hide-covered altar of Uskayaw.
   365 | D        | Found a radiant altar of Vehumet.
   366 | D        | Found an ornate altar of the Wu Jian Council.
   367 | D        | Found a shimmering altar of Xom.
   368 | D        | Found a basalt altar of Yredelemnul.
   369 | D        | Found a glowing silver altar of Zin.
   370 | D        | Found a glowing golden altar of the Shining One.
   373 | D        | Became a worshipper of Vehumet
   387 | D        | Got the +3 war axe "Giaddori" {flame, Int+4}
   411 | D        | Noticed a centaur
   411 | D        | Noticed a phantom
   411 | D        | Noticed a troll
   414 | D        | Reached XP level 4. HP: 24/24 MP: 14/14
   416 | D        | Killed a centaur
   416 | D        | Reached * piety under Vehumet
   416 | D        | Offered knowledge of Magic Dart by Vehumet.
   416 | D        | Reached XP level 5. HP: 21/28 MP: 12/17
   420 | D        | Killed a phantom
   420 | D        | Reached skill level 5 in Stealth
   581 | D        | Learned a level 5 spell: Lee's Rapid Deconstruction
   586 | D        | Learned a level 4 spell: Petrify
   592 | D        | Reached skill level 10 in Earth Magic
   592 | D        | Reached XP level 6. HP: 33/33 MP: 9/20
   621 | D        | Killed a troll
   621 | D        | Reached ** piety under Vehumet
   621 | D        | Offered knowledge of Searing Ray by Vehumet.
   621 | D        | Reached skill level 1 in Evocations
   742 | D        | Noticed a white ugly thing
   742 | D        | Noticed a komodo dragon
   742 | D        | Noticed a soldier ant
   744 | D        | Slain by a white ugly thing

Illustrated notes

Levels and vault maps discovered:
D:        linesprint [early_d, line_temple, items_1, d_10, items_2, lair_1,
          lair_end, items_3, orc_1, orc_end, items_4, d_15, swamp_1, shoals_1,
          snake_1, spider_1, d_20, vaults_1, items_5, swamp_end, shoals_end,
          snake_end, spider_end, vaults_end, d_27, items_6, zot_1, zot_end,
          crypt_end, forest_end, elf_end, slime_end, tomb_end, abyss_end,
          pan_hell_end]

Skill      XL: |  1  2  3  4  5  6 |
---------------+-------------------+-----
Earth Magic    | 4 6 7 8 10 11 | 11.4
Dodging        | 3 4 |  4.7
Spellcasting   | 5 6 8 9 11 | 11.8
Stealth        | 3 4 5 |  5.7
Evocations     | 1 |  1.3
Fighting       | |  0.8
Transmutations | |  1.1

Action                   |  1- 3 |  4- 6 || total
-------------------------+-------+-------++-------
 Cast: Sandblast         |    16 |     5 ||    21
       Lee's Rapid Decon |       |     5 ||     5
       Stone Arrow       |       |     1 ||     1
Evoke: Wand              |       |     3 ||     3
Dodge: Dodged            |     2 |     1 ||     3

Table legend: (Time is in decaauts)
 A = Elapsed time spent in this place.
 B = Non-inter-level travel time spent in this place.
 C = Inter-level travel time spent in this place.
 D = Time resting spent in this place.
 E = Time spent auto-exploring this place.
 F = Levels seen in this place.
 G = Mean time per level.
                   A        B        C        D        E       F      G
               +--------+--------+--------+--------+--------+-----+--------+
         Total |    742 |    742 |      0 |    537 |      3 |   1 |  742.0 |
       Dungeon |    742 |    742 |      0 |    537 |      3 |   1 |  742.0 |
               +--------+--------+--------+--------+--------+-----+--------+

Top non-repeatable levels by time:
       D: 742 daAuts
